 Seeded DCSS version 0.29-a0-700-g2f1814c7b2 (webtiles) character file.

Game seed: 20220625 (custom seed)

8 gobodom the Grave Robber (level 2, 0/19 HPs)
             Began as a Mummy Necromancer on June 25, 2022.
             Slain by a jackal (1 damage)
             ... on level 1 of the Dungeon.
             The game lasted 00:01:44 (258 turns).

gobodom the Grave Robber (Mummy Necromancer)         Turns: 258, Time: 00:01:45

Health: 0/19       AC:  2    Str: 11    XL:     2   Next: 0%
Magic:  0/6        EV: 12    Int: 14    God:
Gold:   26         SH:  0    Dex: 12    Spells: 6/7 levels left

rFire   x . .      SeeInvis .   (no weapon)
rCold   + . .      Faith    .   (no shield)
rNeg    + + +      Spirit   .   a - +0 robe
rPois   ∞          Reflect  .   (no helmet)
rElec   .          Harm     .   (no cloak)
rCorr   .          Rampage  .   (no gloves)
Will    .....                   (no boots)
Stlth   ++........              (no amulet)
HPRegen 0.06/turn               (no ring)
MPRegen 0.10/turn               (no ring)

@: no status effects
A: cold resistance 1, negative energy resistance 3, torment resistance 2, heat
vulnerability 1, no potions
a: no special abilities


You were on level 1 of the Dungeon.
You visited 1 branch of the dungeon, and saw 1 of its levels.

You collected 26 gold pieces.

Inventory:

Armour
 a - a +0 robe (worn)
Scrolls
 b - a scroll of identify {unknown}
 c - a scroll of teleportation {unknown}


   Skills:
 + Level 1.6 Dodging
 + Level 1.6 Stealth
 + Level 3.0 Spellcasting
 + Level 4.2 Necromancy


You had 6 spell levels left.
You knew the following spells:

 Your Spells              Type           Power      Damage    Failure   Level
a - Necrotize             Necr           56%        1d6       3%          1

Your spell library contained the following spells:

 Spells                   Type           Power      Damage    Failure   Level
 Vampiric Draining        Necr           14%        2d7       11%         3
 Animate Dead             Necr           14%        N/A       36%         4
 Agony                    Necr           14%        N/A       71%         5


Dungeon Overview and Level Annotations

Branches:
Dungeon (1/15)

Altars:


Innate Abilities, Weirdness & Mutations

You are immune to poison.
Your flesh is cold resistant. (rC+)
You are immune to negative energy. (rN+++)
You are immune to unholy pain and torment.
You are vulnerable to heat. (rF-)
You do not drink.


Message History

You have reached level 2!
The jackal attacks as you move away! The jackal barely misses you.
The jackal attacks as you move away! The jackal bites you.
The jackal attacks as you move away! The jackal closely misses you.
The jackal barely misses you.
Your jackal skeleton closely misses the jackal.
The jackal attacks as you move away!
The jackal bites you but does no damage.
Your jackal skeleton barely misses the jackal.
The jackal bites you but does no damage.
You closely miss the jackal. The jackal bites you.
You barely miss the jackal. The jackal bites you.
Your jackal skeleton bites the jackal.
You closely miss the jackal. The jackal closely misses you.
Your jackal skeleton bites the jackal.
The jackal bites you.
You barely miss the jackal.
Your jackal skeleton bites the jackal.
The jackal closely misses you.
You closely miss the jackal.
Your jackal skeleton closely misses the jackal.
The jackal bites you.
* * * LOW HITPOINT WARNING * * *
The jackal closely misses you.
Your jackal skeleton barely misses the jackal.
You are too injured to fight recklessly!
Casting: Necrotize (safe; 3% risk of failure)
Confirm with . or Enter, or press ? or * to list all spells.
Aiming: Necrotize (safe; 3% risk of failure)
Press: ? - help, Shift-Dir - straight line, f - jackal
Aim: a jackal (ally target, chance to affect: 84%)
The jackal writhes in agony.
The jackal barely misses you.
Your jackal skeleton barely misses the jackal.
You barely miss the jackal.
The jackal is almost dead.
The jackal bites you.
* * * LOW HITPOINT WARNING * * *
Your jackal skeleton closely misses the jackal.
You hit the jackal but do no damage. Your punch misses the jackal.
The jackal is almost dead.
The jackal bites you.
You die...

### ### ..# #..
#.#.# #@# #h# #h#
## #Z# #
#.#####.###### ##.
#........Z..#
##...##.###.####.#
............# #.#
..##...##.###!#
#.#


You could see 2 jackals and a friendly jackal skeleton.

Vanquished Creatures
  2 endoplasms (D:1)
  A giant cockroach (D:1)
  2 jackals (D:1)
  A kobold (D:1)
6 creatures vanquished.

Notes
Turn   | Place    | Note
-------+----------+-------------------------------------------
     0 | D:1      | gobodom the Mummy Necromancer began the quest for the Orb.
     0 | D:1      | Reached XP level 1. HP: 13/13 MP: 4/4
   246 | D:1      | Reached XP level 2. HP: 12/19 MP: 0/6
   258 | D:1      | Slain by a jackal

Illustrated notes

Levels and vault maps discovered:
D:1:      lemuel_arrival_behind_the_door_large, layout_loops_ring

Skill      XL: |  1 |
---------------+----+-----
Spellcasting   | 3 |  3.0
Dodging        | |  1.6
Stealth        | |  1.6
Necromancy     | |  4.2

Action                   || total
-------------------------++-------
Melee: Unarmed           ||    14
 Cast: Necrotize         ||    13
Armor: Robe              ||     3
Dodge: Dodged            ||    16

Table legend: (Time is in decaauts)
 A = Elapsed time spent in this place.
 B = Non-inter-level travel time spent in this place.
 C = Inter-level travel time spent in this place.
 D = Time resting spent in this place.
 E = Time spent auto-exploring this place.
 F = Levels seen in this place.
 G = Mean time per level.
                   A        B        C        D        E       F      G
               +--------+--------+--------+--------+--------+-----+--------+
         Total |    258 |    258 |      0 |      0 |    194 |   1 |  258.0 |
       Dungeon |    258 |    258 |      0 |      0 |    194 |   1 |  258.0 |
               +--------+--------+--------+--------+--------+-----+--------+

Top non-repeatable levels by time:
     D:1: 258 daAuts
